Unix NetHack Version 3.7.0-66 Work-in-progress - last build Dec 5 2022 14:25:02 (dbea811729ade750c4c0c7f8ab6145c62533a6e7,branch:master). Game began 2022-12-14 01:16:04, ended 2022-12-14 23:49:11. wbn, chaotic male elven Ranger ---------------- ----- |..............| |.... ----- #..............>| |...| |...| #|....(.........| |<..-# |...| #-+-------------- -----# ----...---- ### # #....._.....##### # # #|......)._|######### # # ##|........_| # ######### ### # -+--------- # # ### #----------#e ## #### #|........|# ### # #|........-# -----.-# --.-.---- #|.......@| |.....-# |.......| #.........| ......| |.......| |........| |.....| |.......| |........| ------- ....)...| ---------- ----#.--- ## Wbn the Lookout St:14 Dx:10 Co:13 In:14 Wi:14 Ch:10 Chaotic S:461 Dlvl:5 $:35 HP:24(24) Pw:13(13) AC:7 Xp:3/54 T:880 Latest messages: In what direction? Whammm!! In what direction? Whammm!! In what direction? Whammm!! In what direction? Thwack!! In what direction? As you kick the door, it crashes open! What do you want to drop? [$a-m or ?*] You drop a pink potion. h - a pink potion. You see here a scroll labeled DUAM XNAHT. o - a scroll labeled DUAM XNAHT. What do you want to read? [iklmo or ?*] As you read the scroll, it disappears. You materialize in a different location! Really save? [yn] (n) Saving... Restoring save file... Hello wbn, the elven Ranger, welcome back to NetHack! # Really quit? [yn] (n) # Really quit? [yn] (n) Do you want your possessions identified? [ynq] (y) Do you want to see your attributes? [ynq] (y) Do you want an account of creatures vanquished? [ynaq] (y) Do you want to see your conduct and achievements? [ynq] (y) Do you want to see the dungeon overview? [ynq] (y) Inventory: Coins $ - 35 gold pieces Weapons c - 47 +2 elven arrows (in quiver) d - 35 +0 elven arrows b - a +1 elven bow (weapon in hand) a - a +1 elven dagger (alternate weapon; not wielded) Armor e - an uncursed +2 elven cloak (being worn) Comestibles j - an uncursed food ration f - 5 uncursed lembas wafers g - an uncursed pancake Scrolls l - an uncursed scroll of enchant weapon i - an uncursed scroll of stinking cloud Spellbooks m - an uncursed spellbook of clairvoyance k - an uncursed spellbook of fireball Potions h - an uncursed potion of gain ability Wbn the Ranger's attributes: Background: You were a Lookout, a level 3 male elven Ranger. You were chaotic, on a mission for Mars who was opposed by Mercury (lawful) and Venus (neutral). You were in the Dungeons of Doom, on level 5. You entered the dungeon 880 turns ago. It was nighttime. You had 54 experience points, 26 more were needed to attain level 4. Your score was 461 before end-of-game adjustments. Basics: You had all 24 hit points. You had all 13 energy points (spell power). Your armor class was 7. Your wallet contained 35 zorkmids. Autopickup was off. Final Characteristics: Your strength was 14 (limit:18). Your dexterity was 10 (limit:18). Your constitution was 13 (limit:16). Your intelligence was 14 (limit:20). Your wisdom was 14 (limit:20). Your charisma was 10 (limit:18). Final Status: You were not hungry. You were unencumbered. You were wielding a bow. You had basic skill with bow. Final Attributes: You were devoutly aligned. You had automatic searching. You had infravision. You were stealthy. You were warded. You survived. Miscellaneous: You never encountered a bones level. Total elapsed playing time was 7 minutes and 21 seconds. Major events: Turn 1: wbn the chaotic male elven Ranger entered the dungeon 741: attained the rank of Lookout (level 3) 880: quit Vanquished creatures: 2 iguanas an acid blob a hobgoblin a green mold 2 geckos a fox 2 goblins 2 lichens a newt 13 creatures vanquished. No species were genocided or became extinct. Voluntary challenges: You were an atheist. You read items or engraved 2 times. You never engraved Elbereth. You never genocided any monsters. You never polymorphed an object. You never changed form. You used no wishes. Achievements: You entered a shop. You attained the rank of Lookout. The Dungeons of Doom: levels 1 to 5 Level 1: Some fountains. Level 2: Level 3: An armor shop, a sink. Level 4: A sink. Level 5: <- You were here. Many altars. Goodbye wbn the Ranger... You quit in The Dungeons of Doom on dungeon level 5 with 461 points, and 35 pieces of gold, after 880 moves. You were level 3 with a maximum of 24 hit points when you quit.